 Dungeon Crawl Stone Soup version 0.31-a0-538-gbc85326fa9 (webtiles) character file.

Game seed: 4694136659498348365

86 Pooter the Chopper (level 4, -1/40 HPs)
             Began as a Minotaur Monk on Aug 14, 2023.
             Slain by Grinder (5 damage)
             ... while paralysed by Grinder
             ... on level 2 of the Dungeon.
             The game lasted 00:07:52 (1479 turns).

Pooter the Chopper (Minotaur Monk)                  Turns: 1479, Time: 00:07:53

Health: -1/40      AC: 10    Str: 18    XL:     4   Next: 26%
Magic:  3/3        EV:  2    Int:  7    God:
Gold:   73         SH:  0    Dex: 12    Spells: 3/3 levels left

rFire   . . .        a - +0 hand axe
rCold   . . .        k - orb {light}
rNeg    . . .        h - +0 plate armour
rPois   .            (helmet restricted)
rElec   .            (no cloak)
rCorr   .            (no gloves)
SInv    .            (no boots)
Will    .....        (no amulet) Stlth
                     (no ring)
HPRegen 0.26/turn    (no ring)
MPRegen 0.08/turn

%: no passive effects
@: paralysed, glowing
A: horns 2, retaliatory headbutt
a: no special abilities


You were on level 2 of the Dungeon.
You visited 1 branch of the dungeon, and saw 3 of its levels.

You collected 73 gold pieces.

Inventory:

Hand Weapons
 a - a +0 hand axe (weapon)
Missiles
 f - 2 boomerangs
 Q - 34 stones (quivered)
Armour
 b - a +0 robe
 h - a +0 plate armour (worn)
   (You found it on level 1 of the Dungeon)
 k - an orb of light (worn)
Wands
 d - a wand of iceblast (2)
   (You found it on level 2 of the Dungeon)
Scrolls
 e - a scroll of revelation
 i - a scroll of amnesia {unknown}
 l - a scroll of blinking {unknown}
 m - a scroll of fog {unknown}
 t - 2 scrolls of teleportation {@r4}
Potions
 c - 2 potions of ambrosia
 g - a potion of might {unknown}
 j - a potion of heal wounds {@q2}


   Skills:
 + Level 4.2 Fighting
 * Level 4.8 Axes
 - Level 3.2 Dodging
 * Level 2.1 Stealth


You had 3 spell levels left.
You didn't know any spells.
Your spell library was empty.

Dungeon Overview and Level Annotations

Branches:
Dungeon (3/15) Zot: 16511

Altars:

Annotations:
D:2 Grinder
D:3 2 transporters


Innate Abilities, Weirdness & Mutations

You have a pair of horns on your head.
You reflexively headbutt those who attack you in melee.


Message History

You hit Grinder. Grinder gestures at you. Pain shoots through your body!
You barely miss Grinder. Your headbutt misses Grinder. Grinder hits you.
You writhe in agony.
You hit Grinder but do no damage. Your headbutt misses Grinder.
Grinder barely misses you.
You hit Grinder. You hit the kobold.
You kill the kobold!
Grinder hits you.
You writhe in agony.
You hit Grinder.
A hound zombie comes into view. x2
Grinder gestures at you.
You suddenly lose the ability to move!
Grinder says, "Mostly I couldn't keep them alive."
Grinder hits you.
* * * LOW HITPOINT WARNING * * *
You writhe in agony.
* * * LOW HITPOINT WARNING * * *
Grinder gestures at you. You resist with significant effort.
The hound zombie bites you but does no damage.
Grinder barely misses you.
The hound zombie bites you but does no damage.
Grinder hits you but does no damage.
The hound zombie bites you but does no damage.
The hound zombie bites you.
* * * LOW HITPOINT WARNING * * *
You can move again.
Grinder hits you but does no damage.
The hound zombie bites you but does no damage. x2
You climb upwards.
There is a stone staircase leading down here.
You barely miss Grinder. Grinder completely misses you.
You hit Grinder. Grinder hits you.
* * * LOW HITPOINT WARNING * * *
You writhe in agony.
* * * LOW HITPOINT WARNING * * *
Grinder gestures at you.
You suddenly lose the ability to move!
Grinder hits you.
* * * LOW HITPOINT WARNING * * *
You writhe in agony.
* * * LOW HITPOINT WARNING * * *
Grinder gestures at you.
You shrug off the repeated paralysis!
Grinder hits you.
* * * LOW HITPOINT WARNING * * *
You writhe in agony.
You die...

#.# #.# #..# #.#
#.# ##.# #.# #####
#.# #.# #.####...#
##.## #.#
#........###...##
#.#
######...##.....#
#.# #...#......#
#.# #...#......#
#.# ####
#...#.#5@.## #.#
...#######.##.#####
#.# ##.........##†#
#.# ..#######..##.#
#.# #.# #..##.# #.#
#.# #..##.# #.#
#.#######...#.#
######.#
#.#...##......##
#......#
#..............#
#.######


You could see Grinder.

Vanquished Creatures
  4 adders
  3 dart slugs
  5 bats
  4 endoplasms
  5 goblins
  4 hobgoblins (D:1)
  3 kobolds
  2 quokkas
  4 ball pythons
  4 frilled lizards
  5 rats
43 creatures vanquished.

Notes
Turn   | Place    | Note
-------+----------+-------------------------------------------
     0 | D:1      | Pooter the Minotaur Monk began the quest for the Orb.
     0 | D:1      | Reached XP level 1. HP: 19/19 MP: 0/0
   292 | D:1      | Reached XP level 2. HP: 22/27 MP: 1/1
   358 | D:1      | Reached skill level 1 in Stealth
   829 | D:1      | Reached XP level 3. HP: 32/33 MP: 2/2
  1118 | D:2      | Reached XP level 4. HP: 40/40 MP: 3/3
  1369 | D:3      | Found a faded altar of an unknown god.
  1405 | D:3      | Found a transporter.
  1432 | D:3      | Found a transporter.
  1437 | D:3      | Noticed Grinder
  1468 | D:3      | Paralysed by Grinder for 5 turns
  1476 | D:2      | Paralysed by Grinder for 4 turns
  1479 | D:2      | Slain by Grinder

Illustrated notes

Levels and vault maps discovered:
D:1:      reono_arrival_mine, layout_loops_cross
D:2:      layout_loops_ring
D:3:      gammafunk_steamed_eel, layout_rooms,
          ebering_ecumenical_altar_abandoned, serial_undead, serial_undead_b,
          serial_undead_a, serial_undead_e, serial_undead_e, serial_undead_c,
          uniq_natasha, uniq_grinder

Skill      XL: |  1  2  3  4 |
---------------+-------------+-----
Axes           | 4 |  4.8
Stealth        | 1 2 |  2.1
Fighting       | 4 |  4.2
Dodging        | |  3.2

Action                     |  1- 3 |  4- 6 || total
---------------------------+-------+-------++-------
  Melee: Hand axe          |    66 |    24 ||    90
         Headbutt          |    15 |     2 ||    17
  Throw: Boomerang         |     2 |       ||     2
  Evoke: Wand              |       |     1 ||     1
    Use: Scroll            |     3 |       ||     3
 Armour: Ring mail         |     5 |       ||     5
         Robe              |     1 |       ||     1
         Plate armour      |    29 |    25 ||    54
  Dodge: Dodged            |    23 |    13 ||    36

Table legend: (Time is in decaauts)
 A = Elapsed time spent in this place.
 B = Non-inter-level travel time spent in this place.
 C = Inter-level travel time spent in this place.
 D = Time resting spent in this place.
 E = Time spent auto-exploring this place.
 F = Levels seen in this place.
 G = Mean time per level.
                   A        B        C        D        E       F      G
               +--------+--------+--------+--------+--------+-----+--------+
         Total |   1487 |   1459 |     28 |      7 |   1112 |   3 |  495.7 |
       Dungeon |   1487 |   1459 |     28 |      7 |   1112 |   3 |  495.7 |
               +--------+--------+--------+--------+--------+-----+--------+

Top non-repeatable levels by time:
     D:1: 830 daAuts
     D:2: 547 daAuts
     D:3: 109 daAuts
